 Dungeon Crawl Stone Soup version 0.30-a0-989-g0d87f670db (webtiles) character file.

Game seed: 8188870153212877830

85 hackum the Shooter (level 4, -2/33 HPs)
             Began as a Formicid Hunter on Apr 3, 2023.
             Slain by Ijyb the human
             ... wielding a +0 club
              (10 damage)
             ... on level 3 of the Dungeon.
             The game lasted 00:01:06 (1401 turns).

hackum the Shooter (Formicid Hunter)                Turns: 1401, Time: 00:01:06

Health: -2/33      AC:  4    Str: 15    XL:     4   Next: 75%
Magic:  4/4        EV: 17    Int:  9    God:
Gold:   102        SH:  0    Dex: 19    Spells: 3/3 levels left

rFire   . . .      SeeInvis +    a - +0 shortbow
rCold   . . .      Faith    .    (no shield)
rNeg    . . .      Spirit   .    c - +0 leather armour
rPois   .          Reflect  .    (helmet unavailable)
rElec   .          Rampage  .    n - +0 cloak
rCorr   .                        (no gloves)
Will    .....                    (no boots)
Stlth   ++                       (no amulet)
HPRegen 0.25/turn                m - +5 ring of evasion
MPRegen 0.09/turn                (no ring)

@: no status effects
A: permanent stasis, dig shafts and tunnels, antennae 3, four strong arms
a: Dig, Shaft Self


You were on level 3 of the Dungeon.
You visited 1 branch of the dungeon, and saw 3 of its levels.

You collected 102 gold pieces.

Inventory:

Hand Weapons
 a - a +0 shortbow (weapon)
Missiles
 j - 4 curare-tipped darts
Armour
 c - a +0 leather armour (worn)
 n - a +0 cloak (worn)
Jewellery
 m - a +5 ring of evasion (left hand)
Wands
 o - a wand of polymorph (3)
Scrolls
 b - a scroll of immolation
 f - 2 scrolls of identify {unknown}
 g - 2 scrolls of teleportation {unknown}
 k - a scroll of torment {unknown}
 p - a scroll of noise {unknown}
Potions
 d - a potion of heal wounds {unknown}
 e - 2 potions of haste {unknown}
 h - a potion of flight {unknown}
 i - a potion of mutation {unknown}
 l - a potion of brilliance {unknown}
 q - a potion of might {unknown}
 r - a potion of invisibility {unknown}


   Skills:
 - Level 2.1 Fighting
 + Level 5.8 Ranged Weapons
 - Level 1.7 Dodging
 - Level 1.2 Stealth


You had 3 spell levels left.
You didn't know any spells.
Your spell library contained the following spells:

 Spells                   Type           Power      Damage    Failure   Level
 Sublimation of Blood     Necr           0%         N/A       58%         2
 Frozen Ramparts          Ice            0%         1d1       83%         3
 Ice Form                 Ice/Tmut       0%         N/A       99%         4
 Petrify                  Tmut/Erth      0%         N/A       99%         4
 Summon Ice Beast         Ice/Summ       0%         N/A       99%         4
 Irradiate                Conj/Tmut      0%         3d11      100%        5


Dungeon Overview and Level Annotations

Branches:
Dungeon (3/15)

Altars:

Shops:
D:1 :

Annotations:
D:3 Ijyb


Innate Abilities, Weirdness & Mutations

You cannot be hasted, slowed, berserked, paralysed or teleported.
You can dig through walls and to a lower floor.
You have a pair of large antennae on your head. (SInv)
Your four strong arms can wield two-handed weapons with a shield.


Message History

Press: ? - help, Shift-Dir - straight line, f/p - Ijyb
Aim: Ijyb, wielding a +0 club, wearing a +0 ring mail and carrying a wand of mindburst (18) (lightly wounded, will become a human, an endoplasm, or a centaur, chance to affect: 57%) Ijyb resists with significant effort.
Ijyb screams, "Me stronger than you!"
Aiming: Polymorph
Press: ? - help, Shift-Dir - straight line, f/p - Ijyb
Aim: Ijyb, wielding a +0 club, wearing a +0 ring mail and carrying a wand of mindburst (18) (lightly wounded, will become a human, an endoplasm, or a centaur, chance to affect: 57%) Ijyb resists with significant effort.
Ijyb zaps a wand.
Your mind is blasted!
Aiming: Polymorph
Press: ? - help, Shift-Dir - straight line, f/p - Ijyb
Aim: Ijyb, wielding a +0 club, wearing a +0 ring mail and carrying a wand of mindburst (17) (lightly wounded, will become a human, an endoplasm, or a centaur, chance to affect: 57%) Ijyb evaporates and reforms as a human!
Ijyb picks up a +0 club.
Ijyb wields a +0 club.
You shoot an arrow. The arrow closely misses Ijyb.
Ijyb picks up a +0 ring mail.
Ijyb wears a +0 ring mail.
Ijyb picks up a wand of mindburst (17).
You shoot an arrow. The arrow hits Ijyb but does no damage.
You shoot an arrow. The arrow hits Ijyb.
Ijyb is lightly wounded.
Ijyb hits you with a +0 club.
Ijyb zaps a wand.
Your mind is blasted!
You are too injured to fight recklessly!
You are too injured to fight recklessly!
You are too injured to fight recklessly!
Unknown command.
You shoot an arrow. The arrow hits Ijyb!
Ijyb is moderately wounded.
Ijyb hits you but does no damage.
You shoot an arrow. The arrow hits Ijyb!
Ijyb is severely wounded.
Ijyb barely misses you.
You shoot an arrow. The arrow hits Ijyb.
Ijyb is almost dead.
Ijyb hits you but does no damage.
You shoot an arrow. The arrow barely misses Ijyb.
Ijyb completely misses you. Ijyb hits you with a +0 club!
* * * LOW HITPOINT WARNING * * *
You shoot an arrow. The arrow hits Ijyb but does no damage.
Ijyb is almost dead.
Ijyb hits you with a +0 club!
You die...

.†#.###
#####.###.#### #.#.
......###......##.#
.#
####...........#..#
# ######........##
# #.......## #
######.... #### ###
#.##$>.... ..#
#######.##....# ..#
#.......@p.# ..#
#.......#### ..##
#.......#
...######.......#
...................
..####†.........###
####...#.......##
........>.....#
......###......#


You could see Ijyb the human.

Vanquished Creatures
  4 adders
  2 dart slugs (D:1)
  4 bats
  3 endoplasms
  2 giant cockroaches
  4 goblins
  4 hobgoblins
  4 jackals (D:2)
  4 quokkas
  3 ball pythons
  5 kobolds
  4 rats
43 creatures vanquished.

Notes
Turn   | Place    | Note
-------+----------+-------------------------------------------
     0 | D:1      | hackum the Formicid Hunter began the quest for the Orb.
     0 | D:1      | Reached XP level 1. HP: 16/16 MP: 1/1
   188 | D:1      | Reached XP level 2. HP: 22/22 MP: 2/2
   221 | D:1      | Found Caodip's Book Shoppe.
   529 | D:1      | Reached XP level 3. HP: 27/27 MP: 3/3
   762 | D:2      | Reached skill level 5 in Ranged Weapons
   839 | D:2      | Reached XP level 4. HP: 33/33 MP: 4/4
  1277 | D:3      | Found a faded altar of an unknown god.
  1387 | D:3      | Noticed Ijyb
  1393 | D:3      | Ijyb changed into Ijyb the human
  1393 | D:3      | Noticed Ijyb
  1401 | D:3      | Slain by Ijyb the human

Illustrated notes

Levels and vault maps discovered:
D:1:      dpeg_arrival_tiny_a, layout_loops_ring, serial_shops,
          nicolae_shop_hallway_stairs, hex_tiny, minivault_27,
          serial_bayou_pond_a, chequers_serial_rivers_micro_b
D:2:      layout_rooms
D:3:      layout_rooms, hellmonk_ecumenical_altar_slurped_away, uniq_ijyb

Skill      XL: |  1  2  3 |
---------------+----------+-----
Ranged Weapons | 5 |  5.8
Fighting       | |  2.1
Dodging        | |  1.7
Stealth        | |  1.2

Action                     |  1- 3 |  4- 6 || total
---------------------------+-------+-------++-------
   Fire: Shortbow          |    61 |    46 ||   107
  Evoke: Wand              |       |     3 ||     3
 Armour: Leather armour    |     1 |     3 ||     4
  Dodge: Dodged            |     6 |     7 ||    13

Table legend: (Time is in decaauts)
 A = Elapsed time spent in this place.
 B = Non-inter-level travel time spent in this place.
 C = Inter-level travel time spent in this place.
 D = Time resting spent in this place.
 E = Time spent auto-exploring this place.
 F = Levels seen in this place.
 G = Mean time per level.
                   A        B        C        D        E       F      G
               +--------+--------+--------+--------+--------+-----+--------+
         Total |   1430 |   1332 |     98 |      0 |   1081 |   3 |  476.7 |
       Dungeon |   1430 |   1332 |     98 |      0 |   1081 |   3 |  476.7 |
               +--------+--------+--------+--------+--------+-----+--------+

Top non-repeatable levels by time:
     D:1: 742 daAuts
     D:2: 507 daAuts
     D:3: 180 daAuts
